[Event "Annex CC Autumn Colours"]
[Site "Toronto CAN"]
[Date "2012.10.01"]
[Round "1"]
[White "Shebetah, Wajdy"]
[Black "Cohen, David"]
[Result "1-0"]
[ECO "C00"]
[WhiteElo "2155"]
[BlackElo "1844"]
[PlyCount "83"]
[GameId "2160767740551363"]
[EventDate "2012.10.01"]
[EventType "swiss"]
[EventRounds "5"]
[EventCountry "CAN"]
[TimeControl "5400+30"]

1. e4 e6 2. d3 d5 3. Be2 c5 4. c3 Nc6 5. f4 Bd6 6. e5 Bc7 7. Nf3 Bd7 8. O-O Nge7 9. Na3 Nf5 10. Qe1 h5 11. Nc2 Bb6 12. Ne3 Nce7 13. Nh4 g6 14. Nhxf5 Nxf5 15. Nxf5 exf5 16. Bf3 Be6 17. Be3 Qe7 18. d4 O-O-O 19. a4 c4 20. b3 Rd7 21. a5 Bd8 22. bxc4 dxc4 23. Qe2 Kb8 24. Rfd1 Bd5 25. Bxd5 Rxd5 26. Qxc4 Rxa5 27. Rxa5 Bxa5 28. Qb3 Rc8 29. c4 Qb4 30. Qxb4 Bxb4 31. c5 Kc7 32. d5 Kd7 33. Rc1 a5 34. Kf2 h4 35. Ke2 Re8 36. Kd3 f6 37. e6+ Ke7 38. Kc4 Rd8 39. Rd1 Rc8 40. Kb5 Kd8 41. d6 Rc6 42. Bd4 1-0

[Event "Annex CC Autumn Colours"]
[Site "Toronto CAN"]
[Date "2012.10.15"]
[Round "2"]
[White "Oganesyan, Hayk"]
[Black "Cohen, David"]
[Result "0-1"]
[ECO "C07"]
[WhiteElo "1881"]
[BlackElo "1844"]
[PlyCount "110"]
[GameId "2160767740551364"]
[EventDate "2012.10.01"]
[EventType "swiss"]
[EventRounds "5"]
[EventCountry "CAN"]
[TimeControl "5400+30"]

1. e4 e6 2. d4 d5 3. Nd2 c5 4. exd5 Qxd5 5. Ngf3 Nf6 6. Bc4 Qd6 7. Nb3 Nbd7 8. O-O Qc7 9. Qe2 Bd6 10. Bg5 O-O 11. Rad1 b6 12. dxc5 bxc5 13. Rfe1 Bb7 14. h3 a5 15. a4 Rfe8 16. Qd2 Be7 17. Bf4 Qb6 18. Bb5 Bc6 19. Bxc6 Qxc6 20. Nxa5 Qxa4 21. Ra1 Qb5 22. c4 Qb6 23. Re3 Rec8 24. Rb3 Rxa5 25. Rxa5 Qxb3 26. Ra7 Kf8 27. Rxd7 Nxd7 28. Qxd7 Rd8 29. Qc7 f6 30. Kh2 Qxb2 31. Qc6 Kf7 32. Qe4 g6 33. Bg3 Qc1 34. Qh4 h5 35. Bf4 Bd6 36. Ne5+ Bxe5 37. Bxe5 g5 38. Qxh5+ Kg7 39. Bxf6+ Kxf6 40. Qh6+ Ke5 41. Qg7+ Kd6 42. g3 Qxc4 43. Qb7 Qc2 44. Qb6+ Ke7 45. Qb7+ Rd7 46. Qf3 Qf5 47. Qe3 Rd3 48. Qe2 Rf3 49. Kg2 Rd3 50. Qb2 Qd5+ 51. Kh2 Rd1 52. Qg7+ Kd6 53. Qf8+ Kc6 54. Qe8+ Kb6 55. Qb8+ Qb7 0-1

[Event "Annex CC Autumn Colours"]
[Site "Toronto CAN"]
[Date "2012.10.22"]
[Round "3"]
[White "Cohen, David"]
[Black "Ferreira, Alex"]
[Result "0-1"]
[ECO "D09"]
[WhiteElo "1844"]
[BlackElo "2074"]
[PlyCount "66"]
[GameId "2160767740551365"]
[EventDate "2012.10.01"]
[EventType "swiss"]
[EventRounds "5"]
[EventCountry "CAN"]
[TimeControl "5400+30"]

1. d4 d5 2. c4 e5 3. dxe5 d4 4. Nf3 Nc6 5. g3 Be6 6. b3 Qd7 7. Bg2 O-O-O 8. O-O Nge7 9. Bb2 Ng6 10. Nbd2 Ngxe5 11. Nxe5 Nxe5 12. Nf3 Nxf3+ 13. Bxf3 Bh3 14. Bg2 Bxg2 15. Kxg2 h5 16. h4 g5 17. Rh1 Qc6+ 18. Kg1 g4 19. Qd3 Qe6 20. Rd1 Bh6 21. Kh2 f5 22. Qc2 Rhe8 23. Rhe1 c5 24. b4 f4 25. Rd3 fxg3+ 26. fxg3 Be3 27. Rf1 Qe4 28. bxc5 Rf8 29. Qd1 Qe7 30. Rxf8 Rxf8 31. Rxd4 Rf2+ 32. Kh1 Bxd4 33. Qxd4 Rf1+ 0-1

[Event "Annex CC Autumn Colours"]
[Site "Toronto CAN"]
[Date "2012.10.29"]
[Round "4"]
[White "Cohen, David"]
[Black "Ugodnikov, Arkadiy"]
[Result "1/2-1/2"]
[ECO "E14"]
[WhiteElo "1844"]
[BlackElo "1756"]
[PlyCount "110"]
[GameId "2160767740551366"]
[EventDate "2012.10.01"]
[EventType "swiss"]
[EventRounds "5"]
[EventCountry "CAN"]
[TimeControl "5400+30"]

1. d4 Nf6 2. c4 b6 3. Nf3 e6 4. Nc3 Bb7 5. e3 Be7 6. Bd3 O-O 7. O-O d5 8. cxd5 Nxd5 9. Bd2 Nd7 10. Rc1 c5 11. Re1 Nxc3 12. Bxc3 Rc8 13. Qe2 cxd4 14. exd4 Nf6 15. Ne5 Qd6 16. f3 Rfd8 17. Qf2 a6 18. Nc4 Qc6 19. Qh4 h6 20. Qg3 b5 21. Ne5 Qd5 22. a3 Bd6 23. Bb1 a5 24. Be4 Nxe4 25. fxe4 Bxe5 26. dxe5 Qc5+ 27. Qf2 Qc7 28. h3 Ba8 29. Bd4 Qxc1 30. Rxc1 Rxc1+ 31. Kh2 Rd1 32. Be3 Bxe4 33. Qg3 Bg6 34. h4 h5 35. Qg5 R8d7 36. Qf4 R7d3 37. Qf2 Rb3 38. Bd4 Rdd3 39. Qf4 Bf5 40. Bc3 Rd1 41. Qg5 Bg4 42. Qe7 Rf1 43. Qd8+ Kh7 44. Qxa5 Rf2 45. Qa7 Re2 46. Qd4 Bf5 47. Qd1 Rc2 48. Qxh5+ Kg8 49. Qf3 Rcxc3 50. bxc3 Rxa3 51. Qc6 Rb3 52. Qe8+ Kh7 53. Qxf7 Rxc3 54. Qh5+ Kg8 55. Qe8+ Kh7 1/2-1/2

[Event "Annex CC Autumn Colours"]
[Site "Toronto CAN"]
[Date "2012.11.05"]
[Round "5"]
[White "Malmsten, Erik"]
[Black "Cohen, David"]
[Result "1-0"]
[ECO "C00"]
[WhiteElo "1905"]
[BlackElo "1844"]
[PlyCount "53"]
[GameId "2160767740551367"]
[EventDate "2012.10.01"]
[EventType "swiss"]
[EventRounds "5"]
[EventCountry "CAN"]
[TimeControl "5400+30"]

1. e4 e6 2. f4 d5 3. e5 c5 4. Nf3 Nc6 5. Bb5 Bd7 6. O-O Qb6 7. Bxc6 Bxc6 8. d3 Ne7 9. Nbd2 Nf5 10. Qe1 Be7 11. c3 O-O 12. g4 Nh6 13. Qg3 Kh8 14. Nh4 f6 15. Ndf3 d4 16. f5 Bxf3 17. Rxf3 exf5 18. Bxh6 gxh6 19. Nxf5 Rae8 20. Raf1 Qd8 21. Nxh6 dxc3 22. bxc3 b5 23. g5 b4 24. g6 hxg6 25. Qxg6 bxc3 26. Nf7+ Rxf7 27. Rh3+ 1-0

[Event "Annex CC Beach Blanket"]
[Site "Toronto CAN"]
[Date "2012.07.09"]
[Round "1"]
[White "Cohen, David"]
[Black "Shebetah, Wajdy"]
[Result "0-1"]
[ECO "A21"]
[WhiteElo "1857"]
[BlackElo "2080"]
[PlyCount "96"]
[GameId "2160767740551380"]
[EventDate "2012.07.09"]
[EventType "swiss"]
[EventRounds "4"]
[EventCountry "CAN"]
[TimeControl "5400+30"]

1. d4 d6 2. c4 c6 3. Nc3 e5 4. Nf3 Bg4 5. e3 Nd7 6. Be2 Be7 7. e4 Bxf3 8. Bxf3 exd4 9. Qxd4 Ne5 10. Be2 Bf6 11. Qd1 Ne7 12. O-O O-O 13. Be3 b6 14. Qd2 Qc7 15. Rad1 Rad8 16. f4 N5g6 17. Bf3 Rfe8 18. Ne2 c5 19. Qc1 Nc6 20. Nc3 Nge7 21. Nb5 Qb8 22. a3 a6 23. Nc3 Nd4 24. Ne2 Nxe2+ 25. Bxe2 Nc6 26. Bf3 Nd4 27. Rd3 Rxe4 28. Rxd4 Rxd4 29. Bxd4 Bxd4+ 30. Kh1 Re8 31. Qc2 g6 32. Bd5 Qd8 33. f5 Qf6 34. b3 Qxf5 35. Qxf5 gxf5 36. g4 Kg7 37. Rxf5 f6 38. h4 Re3 39. b4 Rxa3 40. bxc5 bxc5 41. Kg2 h6 42. g5 hxg5 43. hxg5 fxg5 44. Rxg5+ Kf6 45. Rg8 a5 46. Ra8 a4 47. Ra6 Ke5 48. Bc6 Ra2+ 0-1

[Event "Annex CC Beach Blanket"]
[Site "Toronto CAN"]
[Date "2012.07.23"]
[Round "2"]
[White "Romero Alfonso, Carlos"]
[Black "Cohen, David"]
[Result "1-0"]
[ECO "C07"]
[WhiteElo "1841"]
[BlackElo "1857"]
[PlyCount "27"]
[GameId "2160767740551381"]
[EventDate "2012.07.09"]
[EventType "swiss"]
[EventRounds "4"]
[EventCountry "CAN"]
[TimeControl "5400+30"]

1. e4 e6 2. d4 d5 3. Nd2 c5 4. c3 Nc6 5. Ngf3 cxd4 6. cxd4 Bd6 7. Bd3 Qb6 8. e5 Bc7 9. Nb3 Bd7 10. Bd2 h6 11. Rc1 Nge7 12. O-O O-O-O 13. Nc5 f6 14. Na4 1-0

[Event "Annex CC Beach Blanket"]
[Site "Toronto CAN"]
[Date "2012.07.30"]
[Round "3"]
[White "Cohen, David"]
[Black "Nasir, Zehn"]
[Result "1/2-1/2"]
[ECO "A51"]
[WhiteElo "1857"]
[BlackElo "1891"]
[PlyCount "68"]
[GameId "2160767740551382"]
[EventDate "2012.07.09"]
[EventType "swiss"]
[EventRounds "4"]
[EventCountry "CAN"]
[TimeControl "5400+30"]

1. d4 Nf6 2. c4 e5 3. d5 Bb4+ 4. Bd2 Bxd2+ 5. Qxd2 d6 6. Nc3 Bf5 7. e3 Nbd7 8. Bd3 Bxd3 9. Qxd3 Nc5 10. Qc2 e4 11. O-O-O O-O 12. f3 Qe7 13. fxe4 Ncxe4 14. Nh3 Rfe8 15. Rde1 a6 16. Rhf1 b5 17. Rf4 bxc4 18. Nxe4 Nxe4 19. Ref1 Nc5 20. R4f3 f6 21. Qxc4 Qe4 22. Qxe4 Rxe4 23. Kd2 Rb8 24. b3 a5 25. Rf4 Re5 26. Rd4 Na6 27. Nf4 Rb5 28. e4 Nc5 29. Re1 Rb4 30. Rxb4 axb4 31. Nd3 Nxd3 32. Kxd3 Re8 33. Rc1 Rc8 34. Rc4 Ra8 1/2-1/2

[Event "Annex CC Beach Blanket"]
[Site "Toronto CAN"]
[Date "2012.08.13"]
[Round "4"]
[White "Cohen, David"]
[Black "Oganesyan, Hayk"]
[Result "0-1"]
[ECO "E94"]
[WhiteElo "1857"]
[BlackElo "1789"]
[PlyCount "100"]
[GameId "2160767740551383"]
[EventDate "2012.07.09"]
[EventType "swiss"]
[EventRounds "4"]
[EventCountry "CAN"]
[TimeControl "5400+30"]

1. d4 Nf6 2. c4 g6 3. Nc3 Bg7 4. e4 d6 5. Nf3 O-O 6. Be2 Nbd7 7. O-O e5 8. d5 Nc5 9. Qc2 a5 10. b3 Nh5 11. Bb2 f5 12. a3 Nf4 13. b4 Nxe4 14. Nxe4 fxe4 15. Qxe4 Nxe2+ 16. Qxe2 Bg4 17. Rfb1 Bxf3 18. gxf3 Qh4 19. Kg2 Rf5 20. Rh1 Raf8 21. Rab1 axb4 22. Bc1 Bh6 23. Bxh6 Qxh6 24. axb4 Qg5+ 25. Kf1 Rxf3 26. c5 Qf5 27. Rb2 e4 28. Ke1 e3 29. fxe3 Re8 30. Rb3 Qxd5 31. Rd3 Rfxe3 32. Rxd5 Rxe2+ 33. Kd1 R2e5 34. Rxe5 Rxe5 35. cxd6 Rd5+ 36. Kc2 Rxd6 37. Rf1 Kg7 38. Kc3 g5 39. Rf5 Kg6 40. Rf8 h5 41. Kc4 g4 42. Rg8+ Kf6 43. Rh8 Kg5 44. Rg8+ Rg6 45. Rb8 h4 46. Rxb7 g3 47. hxg3 hxg3 48. Ra7 g2 49. Ra1 Kf4 50. Rg1 Kf3 0-1

[Event "Annex CC Summer Love"]
[Site "Toronto CAN"]
[Date "2012.08.20"]
[Round "1"]
[White "Cohen, David"]
[Black "Peev, Pavel"]
[Result "0-1"]
[ECO "A58"]
[WhiteElo "1812"]
[BlackElo "2209"]
[PlyCount "78"]
[GameId "2160767740551368"]
[EventDate "2012.08.20"]
[EventType "swiss"]
[EventRounds "5"]
[EventCountry "CAN"]
[TimeControl "5400+30"]

1. d4 Nf6 2. c4 c5 3. d5 b5 4. cxb5 a6 5. bxa6 Bxa6 6. Nc3 g6 7. g3 Bg7 8. Bg2 d6 9. Nf3 Nbd7 10. O-O O-O 11. Re1 Qa5 12. e4 Ng4 13. h3 Nge5 14. Nxe5 Nxe5 15. Bf1 Rfb8 16. Kg2 Bxf1+ 17. Rxf1 Nc4 18. Qc2 Nxb2 19. Bxb2 Rxb2 20. Qxb2 Bxc3 21. Qb3 Bxa1 22. Rxa1 Qa3 23. Qxa3 Rxa3 24. e5 Kf8 25. exd6 exd6 26. f4 Ke7 27. Rb1 Rxa2+ 28. Kf3 Rd2 29. Rb7+ Kf6 30. g4 h6 31. h4 Rxd5 32. g5+ hxg5 33. hxg5+ Ke6 34. Ke4 Rd4+ 35. Ke3 Rb4 36. Rc7 Rb3+ 37. Ke2 Rh3 38. Kf2 Rh8 39. Ke3 Rd8 0-1

[Event "Annex CC Summer Love"]
[Site "Toronto CAN"]
[Date "2012.08.27"]
[Round "2"]
[White "Zotkin, Daniel"]
[Black "Cohen, David"]
[Result "0-1"]
[ECO "A03"]
[WhiteElo "1920"]
[BlackElo "1812"]
[PlyCount "50"]
[GameId "2160767740551369"]
[EventDate "2012.08.20"]
[EventType "swiss"]
[EventRounds "5"]
[EventCountry "CAN"]
[TimeControl "5400+30"]

1. b3 d5 2. Bb2 Bf5 3. e3 e6 4. f4 Nf6 5. Nf3 c5 6. Bb5+ Nc6 7. Ne5 Qb6 8. Bxc6+ bxc6 9. O-O Bd6 10. h3 Bxe5 11. fxe5 Nd7 12. a4 c4 13. a5 Qb8 14. Na3 cxb3 15. cxb3 Nxe5 16. Qc1 O-O 17. Bxe5 Qxe5 18. Qxc6 Rfc8 19. Qa4 a6 20. Ra2 Rc7 21. Qb4 Rac8 22. Qb6 Bd3 23. Rf4 Rc1+ 24. Kh2 g5 25. Qd4 Qd6 0-1

[Event "Annex CC Summer Love"]
[Site "Toronto CAN"]
[Date "2012.09.10"]
[Round "3"]
[White "Cohen, David"]
[Black "Mills, Morgon"]
[Result "0-1"]
[ECO "D07"]
[WhiteElo "1812"]
[BlackElo "2206"]
[PlyCount "84"]
[GameId "2160767740551370"]
[EventDate "2012.08.20"]
[EventType "swiss"]
[EventRounds "5"]
[EventCountry "CAN"]
[TimeControl "5400+30"]

1. d4 d5 2. c4 Nc6 3. e3 e5 4. Nf3 Bb4+ 5. Nc3 Bg4 6. Be2 e4 7. Nd2 Bxe2 8. Qxe2 Bxc3 9. bxc3 Nf6 10. Ba3 Ne7 11. Rb1 Rb8 12. O-O O-O 13. Rb3 Re8 14. Rfb1 b6 15. cxd5 Qxd5 16. c4 Qd7 17. h3 Nc6 18. Rb5 Rbd8 19. Rg5 h6 20. Rg3 Ne7 21. Bxe7 Qxe7 22. Rb3 Qd6 23. Rb5 c5 24. d5 a6 25. Rb1 b5 26. cxb5 Qxd5 27. Nb3 axb5 28. Qxb5 Rb8 29. Qf1 Rec8 30. Rd1 Qe6 31. Rc1 c4 32. Nd4 Qd5 33. Rc3 Qa5 34. Qc1 Qxa2 35. Qc2 Rb2 36. Qd1 Rxf2 37. Nc2 Rf5 38. Qc1 Rb8 39. Qd2 Qb1+ 40. Ne1 Rd5 41. Qf2 Rd1 42. Kh2 Nh5 0-1

[Event "Annex CC Summer Love"]
[Site "Toronto CAN"]
[Date "2012.09.17"]
[Round "4"]
[White "Krupka, David"]
[Black "Cohen, David"]
[Result "0-1"]
[ECO "D13"]
[WhiteElo "1943"]
[BlackElo "1812"]
[PlyCount "84"]
[GameId "2160767740551371"]
[EventDate "2012.08.20"]
[EventType "swiss"]
[EventRounds "5"]
[EventCountry "CAN"]
[TimeControl "5400+30"]

1. d4 d5 2. c4 c6 3. cxd5 cxd5 4. Nc3 e6 5. Nf3 Nf6 6. Bf4 Be7 7. e3 O-O 8. Rc1 Nc6 9. Bd3 a6 10. h3 Bd7 11. O-O Rc8 12. Qe2 b5 13. e4 dxe4 14. Nxe4 Nxe4 15. Qxe4 f5 16. Qe3 Nb4 17. Rxc8 Bxc8 18. Bb1 Nd5 19. Qd2 Nxf4 20. Qxf4 Bb7 21. Rd1 Rf6 22. Bc2 Bd5 23. Bb3 Bxb3 24. axb3 Bd6 25. Qc1 Qa8 26. Qe3 Qd5 27. Ra1 Qb7 28. Ne5 h6 29. Qf3 Qc8 30. Qc6 Qxc6 31. Nxc6 Rf8 32. Rxa6 Rc8 33. Kf1 Kf8 34. Ke2 Bf4 35. Kd3 Bc1 36. Kc2 Bf4 37. g3 Bd6 38. Kd3 Kf7 39. Na7 Rd8 40. Nxb5 Bc5 41. Kc4 Be7 42. Rc6 Rb8 {time} 0-1

[Event "Annex CC Summer Love"]
[Site "Toronto CAN"]
[Date "2012.09.24"]
[Round "5"]
[White "Cohen, David"]
[Black "Wiebe, Daniel"]
[Result "0-1"]
[ECO "D97"]
[WhiteElo "1812"]
[BlackElo "2012"]
[PlyCount "82"]
[GameId "2160767740551372"]
[EventDate "2012.08.20"]
[EventType "swiss"]
[EventRounds "5"]
[EventCountry "CAN"]
[TimeControl "5400+30"]

1. d4 Nf6 2. c4 g6 3. Nc3 d5 4. Qb3 dxc4 5. Qxc4 Bg7 6. e4 O-O 7. Nf3 Nfd7 8. Bf4 Nc6 9. Rd1 Nb6 10. Qd3 Bg4 11. Be2 Bxf3 12. Bxf3 Nxd4 13. e5 Nxf3+ 14. Qxf3 Qc8 15. O-O c6 16. Rd3 Qf5 17. Rfd1 Nc4 18. Rd4 Nxe5 19. Bxe5 Qxf3 20. gxf3 Bxe5 21. Rd7 Bd6 22. Ne4 Rfd8 23. Rxb7 Bxh2+ 24. Kxh2 Rxd1 25. Rxe7 Rb1 26. Rb7 a5 27. Kg2 a4 28. a3 Ra5 29. f4 Rb5 30. Rc7 R1xb2 31. Rxc6 R5b3 32. Rc7 Rxa3 33. Ng5 Raa2 34. Ne4 a3 35. Rd7 Ra1 36. Ng5 a2 37. Nxf7 Rc1 38. Nh6+ Kf8 39. Ng4 a1=Q 40. Nf6 Rxf2+ 41. Kxf2 Qxf6 0-1

[Event "Battle of Alberta"]
[Site "Red Deer CAN"]
[Date "2012.08.18"]
[Round "1.1"]
[White "Daniluk, Jim"]
[Black "Porper, Edward"]
[Result "0-1"]
[Annotator " "]
[ECO "D12"]
[WhiteElo "2057"]
[BlackElo "2473"]
[PlyCount "74"]
[GameId "2160767739706470"]
[EventDate "2012.08.18"]
[EventType "team"]
[EventRounds "2"]
[EventCountry "CAN"]
[TimeControl "5400"]

1. d4 d5 2. Nf3 c6 3. c4 Nf6 4. e3 Bf5 5. Nc3 e6 6. Ne5 Nbd7 7. cxd5 Nxe5 8. dxe5 Nxd5 9. Bd2 Qb6 10. Nxd5 exd5 11. Bc3 Bb4 12. Qd2 Bxc3 13. Qxc3 O-O 14. Rd1 Rae8 15. Be2 Re7 16. O-O Rfe8 17. Rd4 Rxe5 18. Rb4 Qc7 19. Rc1 Qe7 20. Qb3 Bc8 21. Ra4 a6 22. Bf3 Qf6 23. Qc3 Rf5 24. e4 Qxc3 25. Rxc3 Rfe5 26. Re3 dxe4 27. Raxe4 Rxe4 28. Rxe4 Rxe4 29. Bxe4 g6 30. Kf1 Kg7 31. b4 Kf6 32. Ke2 Bf5 33. Bf3 Ke5 34. Ke3 Be6 35. Be4 Bxa2 36. f4+ Kd6 37. Kd4 Bd5 0-1

[Event "Battle of Alberta"]
[Site "Red Deer CAN"]
[Date "2012.08.18"]
[Round "2.1"]
[White "Porper, Edward"]
[Black "Daniluk, Jim"]
[Result "1-0"]
[ECO "A45"]
[WhiteElo "2473"]
[BlackElo "2057"]
[PlyCount "51"]
[GameId "2160767739706472"]
[EventDate "2012.08.18"]
[EventType "team"]
[EventRounds "2"]
[EventCountry "CAN"]
[TimeControl "5400"]

1. d4 Nf6 2. Bg5 c5 3. Bxf6 gxf6 4. d5 f5 5. e3 Bg7 6. c3 d6 7. a4 Nd7 8. Na3 Nf6 9. Nc4 b6 10. Be2 O-O 11. Nh3 Kh8 12. Nf4 e5 13. dxe6 d5 14. e7 Qxe7 15. Nxd5 Nxd5 16. Qxd5 Bb7 17. Qxf5 Be4 18. Qf4 Bxg2 19. Rg1 Be4 20. O-O-O Bg6 21. h4 Qf6 22. Qxf6 Bxf6 23. h5 Bf5 24. Bg4 Be4 25. f3 Bc6 26. Rd6 1-0

[Event "Battle of Alberta"]
[Site "Red Deer CAN"]
[Date "2012.08.18"]
[Round "2.2"]
[White "Kazmaier, Daniel"]
[Black "Wang, Richard"]
[Result "0-1"]
[Annotator " "]
[ECO "A37"]
[WhiteElo "2307"]
[BlackElo "2468"]
[PlyCount "90"]
[GameId "2160767739706473"]
[EventDate "2012.08.18"]
[EventType "team"]
[EventRounds "2"]
[EventCountry "CAN"]
[TimeControl "5400"]

1. c4 c5 2. Nf3 Nc6 3. g3 e5 4. Nc3 g6 5. Bg2 Bg7 6. O-O Nge7 7. e4 O-O 8. d3 f5 9. a3 d6 10. Nd5 h6 11. Ne1 Nd4 12. f4 exf4 13. gxf4 fxe4 14. dxe4 b5 15. Nxe7+ Qxe7 16. cxb5 Bb7 17. a4 Bxe4 18. Ra3 Bxg2 19. Nxg2 Qf7 20. Rd3 Nf5 21. b3 Rfe8 22. Kh1 Bd4 23. Qf3 d5 24. Be3 Re4 25. Bxd4 Nxd4 26. Qd1 Qf6 27. Rg3 Kh7 28. Re1 Rae8 29. Rf1 Ne2 30. Rgf3 Qf5 31. Qd3 d4 32. a5 R4e6 33. Qc4 Rd6 34. Nh4 Qd5 35. Qxd5 Rxd5 36. f5 g5 37. Ng6 d3 38. Rd1 d2 39. Kg2 Nc3 40. Rxc3 Re1 41. Rxc5 Rxc5 42. Rxd2 Rxf5 43. Nf8+ Rxf8 44. Rd7+ Kg6 45. Rxa7 Re2+ 0-1

[Event "Battle of Alberta"]
[Site "Red Deer CAN"]
[Date "2012.08.18"]
[Round "2.3"]
[White "Pechenkin, Vladimir"]
[Black "Zhang, David"]
[Result "1/2-1/2"]
[ECO "A11"]
[WhiteElo "2425"]
[BlackElo "2285"]
[PlyCount "57"]
[GameId "2160767739706474"]
[EventDate "2012.08.18"]
[EventType "team"]
[EventRounds "2"]
[EventCountry "CAN"]
[TimeControl "5400"]

1. c4 c6 2. g3 d5 3. Nf3 Nf6 4. Bg2 g6 5. b3 Bg7 6. Bb2 dxc4 7. bxc4 Qb6 8. Qb3 O-O 9. O-O Rd8 10. d3 Na6 11. Nc3 Nc5 12. Qc2 Bf5 13. Rab1 Nxd3 14. exd3 Bxd3 15. Qb3 Qxb3 16. axb3 Nd7 17. Na4 b5 18. cxb5 cxb5 19. Bxg7 Kxg7 20. Nb2 Bxb1 21. Rxb1 Nb6 22. Re1 e6 23. Bf1 a6 24. Ra1 Nd5 25. Nd3 Rdc8 26. Nd4 Kf6 27. f4 Nc3 28. Bg2 Ra7 29. Nc6 1/2-1/2

[Event "Edmonton CC 1800+"]
[Site "Edmonton CAN"]
[Date "2012.09.01"]
[Round "1"]
[White "Miller, David"]
[Black "Gardner, Robert"]
[Result "0-1"]
[ECO "B08"]
[WhiteElo "2112"]
[BlackElo "2338"]
[PlyCount "72"]
[GameId "2160767738377195"]
[EventDate "2012.09.01"]
[EventType "swiss"]
[EventRounds "5"]
[EventCountry "CAN"]
[TimeControl "40/18000+30:20/10800:1800"]

{544MB, Rybka3Gen.ctg} 1. e4 d6 2. d4 Nf6 3. Nc3 g6 4. Nf3 Bg7 5. Be2 a6 6. O-O O-O 7. Be3 b5 8. a3 Bb7 9. Nd2 Nbd7 10. f4 e5 11. fxe5 dxe5 12. d5 c6 13. dxc6 Bxc6 14. Bd3 Rc8 15. Kh1 Bb7 16. Bg5 Qb6 17. Qf3 h6 18. Be3 Qe6 19. Nb3 Qg4 20. Qxg4 Nxg4 21. Bg1 Ngf6 22. Rae1 Rfd8 23. a4 b4 24. Na2 Bf8 25. Na5 Ba8 26. Re2 Rc7 27. Nc4 Nxe4 28. Nxe5 Nxe5 29. Bb6 Nxd3 30. Bxc7 Ndf2+ 31. Kg1 Rc8 32. Bb6 Ng4 33. Rf4 f5 34. Nc1 Bd6 35. Rf1 Bxh2+ 36. Kh1 Ng3# 0-1

[Event "Edmonton CC 1800+"]
[Site "Edmonton CAN"]
[Date "2012.09.01"]
[Round "1"]
[White "Wang, Richard"]
[Black "Yearwood, Roy"]
[Result "1-0"]
[ECO "A53"]
[WhiteElo "2477"]
[BlackElo "2113"]
[PlyCount "65"]
[GameId "2160767738377196"]
[EventDate "2012.09.01"]
[EventType "swiss"]
[EventRounds "5"]
[EventCountry "CAN"]
[TimeControl "40/18000+30:20/10800:1800"]

{544MB, Rybka3Gen.ctg} 1. d4 Nf6 2. Nf3 d6 3. c4 c6 4. Nc3 Qa5 5. Bd2 Qc7 6. Bg5 Bf5 7. e3 Nbd7 8. Be2 h6 9. Bh4 g5 10. Bg3 Bg7 11. O-O Bg6 12. h4 Nh5 13. Bh2 f5 14. Ne5 Nf4 15. exf4 dxe5 16. fxe5 e6 17. Rc1 O-O-O 18. Nb5 Qa5 19. b4 Qxa2 20. Nd6+ Kb8 21. h5 Bh7 22. c5 f4 23. Ra1 Qc2 24. Qxc2 Bxc2 25. Ra2 Bb3 26. Ra3 Bd5 27. Rfa1 Nxe5 28. Rxa7 Rd7 29. dxe5 Bxe5 30. Ra8+ Kc7 31. Rxh8 Bxh8 32. Ra8 Bc3 33. Rc8# 1-0

[Event "Edmonton CC 1800+"]
[Site "Edmonton CAN"]
[Date "2012.09.01"]
[Round "2"]
[White "Gardner, Robert"]
[Black "Wang, Richard"]
[Result "1/2-1/2"]
[ECO "D00"]
[WhiteElo "2338"]
[BlackElo "2477"]
[PlyCount "70"]
[GameId "2160767738377197"]
[EventDate "2012.09.01"]
[EventType "swiss"]
[EventRounds "5"]
[EventCountry "CAN"]
[TimeControl "40/18000+30:20/10800:1800"]

{544MB, Rybka3Gen.ctg} 1. f4 d5 2. Nf3 Bg4 3. d4 e6 4. e3 Nf6 5. Bd3 c5 6. c3 Nc6 7. Nbd2 Bd6 8. O-O cxd4 9. cxd4 O-O 10. a3 Rc8 11. Qe1 Bf5 12. Bxf5 exf5 13. Nh4 g6 14. Qg3 Ne7 15. Ndf3 Ne4 16. Qh3 Qd7 17. Ng5 Nxg5 18. fxg5 Rc2 19. Nf3 Rfc8 20. Bd2 Rxb2 21. Bb4 Rcc2 22. Ne1 Re2 23. Nd3 Ra2 24. Rxa2 Rxa2 25. Ne5 Qe6 26. Bxd6 Qxd6 27. g4 Qxa3 28. Nd7 h5 29. Qg3 Nc6 30. gxf5 h4 31. Nf6+ Kf8 32. Qf4 Qb2 33. Qd6+ Kg7 34. Ne8+ Kg8 35. Nf6+ Kg7 1/2-1/2

[Event "Edmonton CC 1800+"]
[Site "Edmonton CAN"]
[Date "2012.09.02"]
[Round "2"]
[White "Willis, Bradley"]
[Black "Pechenkin, Vladimir"]
[Result "1/2-1/2"]
[ECO "B21"]
[WhiteElo "2076"]
[BlackElo "2427"]
[PlyCount "49"]
[GameId "2160767738377198"]
[EventDate "2012.09.01"]
[EventType "swiss"]
[EventRounds "5"]
[EventCountry "CAN"]
[TimeControl "40/18000+30:20/10800:1800"]

{544MB, Rybka3Gen.ctg} 1. e4 c5 2. d4 cxd4 3. c3 dxc3 4. Nxc3 e6 5. Nf3 a6 6. Bc4 b5 7. Bb3 Bb7 8. O-O b4 9. Nd5 exd5 10. exd5 d6 11. Bg5 Be7 12. Re1 Kf8 13. Bf4 Bf6 14. Nd4 Ne7 15. Rc1 Kg8 16. Nc6 Nbxc6 17. dxc6 Bxc6 18. Bxd6 Bxg2 19. Bxe7 Qxd1 20. Rcxd1 Bf3 21. Bd8 h6 22. Bc2 Bc6 23. Bxf6 gxf6 24. Rd6 Bb5 25. Rxf6 1/2-1/2

[Event "Edmonton CC 1800+"]
[Site "Edmonton CAN"]
[Date "2012.09.02"]
[Round "2"]
[White "Yearwood, Roy"]
[Black "Miller, David"]
[Result "0-1"]
[ECO "A00"]
[WhiteElo "2113"]
[BlackElo "2112"]
[PlyCount "45"]
[GameId "2160767738377199"]
[EventDate "2012.09.01"]
[EventType "swiss"]
[EventRounds "5"]
[EventCountry "CAN"]
[TimeControl "40/18000+30:20/10800:1800"]

{544MB, Rybka3Gen.ctg} 1. b4 e5 2. Bb2 Bxb4 3. Bxe5 Nf6 4. Nc3 Nc6 5. Bxf6 Qxf6 6. Nd5 Qe5 7. c4 Ba5 8. Nf3 Qe4 9. e3 O-O 10. Rb1 Ne5 11. Rb5 Nc6 12. Ng5 Qg6 13. Nf4 Qh6 14. Bd3 a6 15. Bxh7+ Kh8 16. Rf5 g6 17. Bxg6 fxg6 18. Rxf8+ Kg7 19. Rf7+ Kg8 20. Qa1 Nb4 21. Qf6 Nc2+ 22. Ke2 d5 23. Qd8+ 0-1

[Event "Edmonton CC U1800"]
[Site "Edmonton CAN"]
[Date "2012.09.01"]
[Round "1"]
[White "Kadavil, Suresh"]
[Black "Stainer, Joel"]
[Result "0-1"]
[ECO "B12"]
[WhiteElo "1201"]
[BlackElo "1528"]
[PlyCount "104"]
[GameId "2160767738377200"]
[EventDate "2012.09.01"]
[EventType "swiss"]
[EventRounds "5"]
[EventCountry "CAN"]
[TimeControl "40/18000+30:20/10800:1800"]

{544MB, Rybka3Gen.ctg} 1. e4 c6 2. f4 d5 3. e5 Bf5 4. Nf3 e6 5. d4 Nd7 6. Be2 Qb6 7. c3 c5 8. O-O Ne7 9. b3 Nc6 10. Be3 Rc8 11. a3 cxd4 12. cxd4 Na5 13. b4 Nc4 14. Bf2 Nb2 15. Qb3 Nc4 16. Nbd2 Nxd2 17. Nxd2 Be7 18. Rac1 O-O 19. Bd3 Bg6 20. f5 Bh5 21. h3 Bg5 22. Qa2 f6 23. g4 Bf7 24. h4 Bxh4 25. Nf3 Bxf2+ 26. Qxf2 fxe5 27. Nxe5 Nxe5 28. dxe5 Qxf2+ 29. Kxf2 Rc6 30. f6 Rfc8 31. Rcd1 Rc3 32. a4 Bg6 33. Bxg6 hxg6 34. Kg2 R8c4 35. fxg7 Rxg4+ 36. Kh2 Kxg7 37. Rf6 Rc8 38. Rf3 Rh8+ 39. Rh3 Rxh3+ 40. Kxh3 Re4 41. Rc1 Rc4 42. Rf1 d4 43. Rf6 Rc6 44. b5 Rd6 45. exd6 Kxf6 46. d7 Ke7 47. d8=Q+ Kxd8 48. Kg3 Kd7 49. Kf3 Kd6 50. Ke4 e5 51. Kd3 Kd5 52. Kd2 e4 0-1